 Dungeon Crawl Stone Soup version 0.24-a0-699-g5a66b1aa3b (webtiles) character file.

Game seed: 13271165148461646781, levelgen mode: deterministic

413 Peloso the Slasher (level 6, 0/52 HPs)
             Began as a Minotaur Fighter on Sept 29, 2019.
             Slain by Sigmund
             ... wielding a +1 scythe of protection
              (1 damage)
             ... on level 2 of the Dungeon.
             The game lasted 00:05:27 (2721 turns).

Peloso the Slasher (Minotaur Fighter)               Turns: 2721, Time: 00:05:27

Health: 0/52       AC:  8    Str: 21    XL:     6   Next: 59%
Magic:  5/5        EV:  8    Int:  5    God:
Gold:   94         SH:  0    Dex: 11    Spells: 5/5 levels left

rFire    x . .     SeeInvis .   a - +0 long sword
rCold    + . .     Gourm    .   c - +0 shield
rNeg     . . .     Faith    .   b - +0 scale mail
rPois    .         Spirit   .   (helmet restricted)
rElec    .         Reflect  .   t - +0 cloak
rCorr    .         Harm     .   (no gloves)
MR       .....                  (no boots)
Stlth    ..........             (no amulet)
HPRegen  0.17/turn              e - ring of ice
MPRegen  0.09/turn              (no ring)

@: confused
A: retaliatory headbutt, horns 2
a: no special abilities


You were on level 2 of the Dungeon.
You were not hungry.

You visited 1 branch of the dungeon, and saw 3 of its levels.

You collected 94 gold pieces.

Inventory:

Hand Weapons
 a - a +0 long sword (weapon)
Armour
 b - a +0 scale mail (worn)
 c - a +0 shield (worn)
 t - a +0 cloak (worn)
Jewellery
 e - a ring of ice (left hand)
 h - a +2 ring of intelligence
Scrolls
 g - a scroll of enchant weapon {unknown}
 i - 4 scrolls of identify {unknown}
 k - a scroll of remove curse {unknown}
 l - a scroll of teleportation {unknown}
 n - a scroll of immolation {unknown}
 o - 2 scrolls of magic mapping {unknown}
 q - a scroll of blinking {unknown}
 r - a scroll of amnesia {unknown}
 s - a scroll of fear {unknown}
Potions
 d - 2 potions of might
 j - a potion of flight {unknown}
 m - a potion of brilliance {unknown}
 p - a potion of curing {unknown}
Comestibles
 f - 8 rations
 u - 3 chunks of flesh


   Skills:
 + Level 4.3 Fighting
 + Level 5.7 Long Blades
 + Level 5.4 Armour
 + Level 1.4 Dodging
 + Level 5.1 Shields


You had 5 spell levels left.
You didn't know any spells.
Your spell library was empty.

Dungeon Overview and Level Annotations

Branches:
Dungeon (3/15)

Altars:
Trog

Annotations:
D:2 Sigmund


Innate Abilities, Weirdness & Mutations

You reflexively headbutt those who attack you in melee.
You have a pair of horns on your head.


Message History

You hear some strange, mumbled words.
A puff of flame appears from out of thin air!
You block the puff of flame.
You hit something. Your headbutt misses something. Something hits you.
* * * LOW HITPOINT WARNING * * *
Okay, then.
You barely miss something. Something hits you.
* * * LOW HITPOINT WARNING * * *
You closely miss something. Something hits you but does no damage.
You closely miss something. You headbutt something. You barely miss something.
You hear some strange, mumbled words.
A puff of flame appears from out of thin air!
The puff of flame hits you.
* * * LOW HITPOINT WARNING * * *
You barely miss something.
You hear some strange, mumbled words.
You are confused.
Something hits you.
You die...

..♣♣
#.....#.#.#########.##.#
.♣♣
#.....#.#@#####.....##.#
♣♣
#.....#................
.♣
#...#.###...@..........
.♣♣ #.....#
#######.####### ♣.♣
#...### #.# #)## ##.##
#)# ...#
#.############.# ...#
#........@{...># ..)#
################ ####


There were no monsters in sight!

Vanquished Creatures
  A phantom (D:3)
  A centaur (D:3)
  A jelly (D:3)
  Crazy Yiuf (D:2)
  Terence (D:2)
  4 gnolls (D:3)
  5 adders
  3 worms
  2 dart slugs (D:1)
  2 leopard geckos
  An orc (D:3)
  2 ball pythons (D:1)
  3 bats
  A giant cockroach (D:3)
  12 hobgoblins
  4 quokkas
  4 frilled lizards
  6 goblins
  10 kobolds
  8 rats
72 creatures vanquished.

Notes
Turn   | Place    | Note
-------+----------+-------------------------------------------
     0 | D:1      | Peloso the Minotaur Fighter began the quest for the Orb.
     0 | D:1      | Reached XP level 1. HP: 19/19 MP: 0/0
   112 | D:1      | Reached XP level 2. HP: 21/27 MP: 1/1
   431 | D:1      | Reached XP level 3. HP: 24/33 MP: 2/2
   734 | D:2      | You fall into a shaft and drop 1 floor!
  1090 | D:3      | Reached XP level 4. HP: 37/40 MP: 3/3
  1114 | D:2      | Noticed Sigmund
  1238 | D:3      | Noticed a centaur
  1248 | D:3      | Killed a centaur
  1248 | D:3      | Reached skill level 1 in Dodging
  1248 | D:3      | Reached XP level 5. HP: 34/46 MP: 4/4
  1732 | D:3      | Reached skill level 5 in Long Blades
  1768 | D:3      | Reached skill level 5 in Armour
  1778 | D:3      | Noticed a phantom
  1794 | D:3      | Killed a phantom
  1794 | D:3      | Reached skill level 5 in Shields
  1794 | D:3      | Reached XP level 6. HP: 30/52 MP: 5/5
  1924 | D:3      | Found a bloodstained altar of Trog.
  2556 | D:2      | Found a runed translucent door.
  2557 | D:2      | Noticed Crazy Yiuf
  2562 | D:2      | Killed Crazy Yiuf
  2654 | D:2      | Noticed Terence
  2685 | D:2      | Killed Terence
  2717 | D:2      | HP: 1/52 [something (3)]
  2721 | D:2      | Slain by Sigmund

Levels and vault maps discovered:
D:1:      nagdon_arrival_double_spiral, layout_rooms
D:2:      layout_loops_ring, chequers_ecumenical_altar_island, first_ration,
          minmay_domino_2, uniq_crazy_yiuf_cottage, uniq_terence, uniq_sigmund
D:3:      layout_loops_corners, trog_book

Skill      XL: |  1  2  3  4  5 |
---------------+----------------+-----
Armour         | 4 5 |  5.4
Shields        | 4 5 |  5.1
Long Blades    | 3 4 5 |  5.7
Fighting       | 4 |  4.3
Dodging        | 1 |  1.4

Action                   |  1- 3 |  4- 6 || total
-------------------------+-------+-------++-------
Melee: Long sword        |   105 |   125 ||   230
       Headbutt          |     7 |    23 ||    30
  Use: Potion            |     2 |     2 ||     4
  Eat: Chunk             |       |     6 ||     6
Armor: Scale mail        |    47 |    52 ||    99
Dodge: Dodged            |    42 |    34 ||    76
Block: Shield            |    47 |    59 ||   106
       Rpst.: Long sword |    16 |     8 ||    24

Table legend:
 A = Non-vault XP
 B = Vault XP
 C = Vault XP percentage of total XP
 D = Non-vault monster count
 E = Vault monster count
 F = Vault count percentage of total count
                 A         B        C        D         E       F
            +---------+---------+-------+---------+---------+-------
      Total |     502 |      89 |  15.1 |      69 |       3 |   4.2
            +---------+---------+-------+---------+---------+-------
        D:1 |      44 |       0 |   0.0 |      24 |       0 |   0.0
        D:2 |      52 |      89 |  63.1 |      16 |       3 |  15.8
        D:3 |     406 |       0 |   0.0 |      29 |       0 |   0.0
            +---------+---------+-------+---------+---------+-------
